 Dungeon Crawl Stone Soup version 0.23.2-30-g0e89c35649 (webtiles) character file.

Game seed: 3131305628918164440

847 Brecoman the Chopper (level 8, -6/71 HPs)
             Began as a Hill Orc Monk on June 6, 2019.
             Shot with an arrow by a centaur (8 damage)
             ... on level 5 of the Dungeon.
             The game lasted 00:17:52 (6229 turns).

Brecoman the Chopper (Hill Orc Monk)                Turns: 6229, Time: 00:17:52

Health: -6/71      AC:  7    Str: 16    XL:     8   Next: 1%
Magic:  0/8        EV: 10    Int: 10    God:
Gold:   197        SH:  0    Dex: 13    Spells: 7/7 levels left

rFire    . . .     SeeInvis .   a - +0 war axe
rCold    . . .     Gourm    .   (no shield)
rNeg     . . .     Faith    .   A - +0 scale mail
rPois    .         Spirit   +   (no helmet)
rElec    .         Reflect  .   n - scarf {Spirit}
rCorr    .         Harm     .   (no gloves)
MR       .....                  (no boots)
Stlth    ..........             (no amulet)
HPRegen  0.21/turn              (no ring)
MPRegen  0.11/turn              (no ring)

@: studying Dodging
A: no striking features
a: no special abilities


You were on level 5 of the Dungeon.
You were hungry.

You visited 1 branch of the dungeon, and saw 5 of its levels.

You collected 197 gold pieces.

Inventory:

Hand Weapons
 a - a +0 war axe (weapon)
 b - a +0 blowgun
 k - a +2 whip of holy wrath
 B - a +0 hand axe
Missiles
 l - 228 stones (quivered)
 y - 4 curare-tipped needles
 z - a throwing net
 F - 19 poisoned needles
Armour
 i - a +0 ring mail
 n - a scarf of spirit shield (worn)
 x - a +0 robe
 A - a +0 scale mail (worn)
 C - the +1 robe of Pragmatism {rF+ Dex+3 Slay-2}
   (You found it on level 4 of the Dungeon)

   It affects your dexterity (+3).
   It affects your accuracy and damage with ranged weapons and melee attacks
   (-2).
   It protects you from fire.
Jewellery
 h - an uncursed ring of protection from cold {unknown}
Scrolls
 e - a scroll of enchant armour {unknown}
 g - a scroll of blinking {unknown}
 j - 4 scrolls of enchant weapon {unknown}
 m - 5 scrolls of identify {unknown}
 q - 6 scrolls of teleportation
 t - 2 scrolls of remove curse {unknown}
 u - a scroll of fear {unknown}
 D - 2 scrolls of fog {unknown}
 E - a scroll of immolation {unknown}
Potions
 c - a potion of degeneration {unknown}
 d - 3 potions of curing
 f - a potion of heal wounds {unknown}
 o - a potion of brilliance {unknown}
 p - a potion of lignification {unknown}
 r - 3 potions of flight {unknown}
 s - a potion of haste {unknown}
 v - a potion of agility {unknown}
 w - a potion of invisibility {unknown}
Books
 G - a manual of Dodging
Comestibles
 I - a ration


   Skills:
 + Level 6.9 Fighting
 + Level 7.8 Axes
 + Level 5.2 Armour
 - Level 2.4 Dodging
 - Level 1.5 Stealth


You had 7 spell levels left.
You didn't know any spells.
Your spell library was empty.

Dungeon Overview and Level Annotations

Branches:
Dungeon (5/15)
 Temple: D:4-7

Altars:
Fedhas
Hepliaklqana
Nemelex Xobeh
Qazlal
Ru
Wu Jian

Shops:
D:4 [

Annotations:
D:5 2 transporters, TheAraber's ghost, novice NaVM


Message History

The centaur shoots an arrow.
The arrow hits you!
* * * LOW HITPOINT WARNING * * *
The crimson imp blinks!
The crimson imp barely misses you.
The centaur shoots an arrow.
The arrow hits you.
* * * LOW HITPOINT WARNING * * *
The crimson imp blinks!
The crimson imp hits you but does no damage.
You see here an arrow.
You are feeling hungry.
The crimson imp hits you but does no damage.
The crimson imp shouts, "Bolt, thou rank ill-breeding yak-dropping!"
The crimson imp closely misses you.
The crimson imp blinks!
The centaur shoots an arrow.
The arrow hits you!
* * * LOW HITPOINT WARNING * * *
You see here an arrow.
The crimson imp grins evilly.
The centaur shoots an arrow.
The arrow hits you!
You die...

##.........##
#.......(.## #..........#
#..........#
##.......c§.# .##
#......(....#
....##......5...#
.............(.##
###.........@..#
##..##........5##
##.....###.....## ####.
###.......####...###.....
#...≈^^...≈..##......#
#..^^.#^..≈##^......###
#..§#^#..^##^......###.#
...^#.^≈..##≈≈.....# .. #
....^.≈§.§..≈^.....# .#.#


You could see a centaur and 2 crimson imps.

Vanquished Creatures
  A hungry ghost (D:3)
  3 ogres (D:4)
  A howler monkey (D:4)
  2 bullfrog skeletons
  A centaur skeleton (D:4)
  3 orc wizards
  An iguana (D:4)
  4 worker ants
  5 adders
  An ooze (D:2)
  5 worms
  3 leopard geckos
  9 orcs
  2 ball pythons
  6 bats
  6 giant cockroaches
  3 hobgoblins
  10 kobolds
  2 quokkas
  3 frilled lizards
  6 goblins
  2 leopard gecko skeletons
  8 rats
87 creatures vanquished.

Vanquished Creatures (others)
  A plant (D:5)
1 creature vanquished.

Grand Total: 88 creatures vanquished

Notes
Turn   | Place    | Note
-------+----------+-------------------------------------------
     0 | D:1      | Brecoman the Hill Orc Monk began the quest for the Orb.
     0 | D:1      | Reached XP level 1. HP: 19/19 MP: 1/1
   335 | D:1      | Reached XP level 2. HP: 27/27 MP: 2/2
   572 | D:1      | Reached skill level 1 in Armour
   909 | D:2      | Found a sacrificial altar of Ru.
  1006 | D:2      | Reached XP level 3. HP: 13/33 MP: 3/3
  1286 | D:2      | Reached skill level 5 in Axes
  1286 | D:2      | Reached XP level 4. HP: 25/41 MP: 4/4
  1519 | D:2      | Found a faded altar of an unknown god.
  2097 | D:3      | Noticed a hungry ghost
  2164 | D:2      | Reached XP level 5. HP: 37/47 MP: 5/5
  2885 | D:3      | Killed a hungry ghost
  2885 | D:3      | Reached skill level 5 in Fighting
  2885 | D:3      | Reached skill level 6 in Axes
  2885 | D:3      | Reached XP level 6. HP: 30/56 MP: 6/6
  3146 | D:3      | Found a hazy altar of Hepliaklqana.
  3440 | D:4      | Found Loiddeos's Antique Armour Emporium.
  4257 | D:3      | Reached XP level 7. HP: 29/62 MP: 3/7
  4539 | D:4      | Found a blossoming altar of Fedhas.
  4539 | D:4      | Found a sparkling altar of Nemelex Xobeh.
  4566 | D:4      | Got a creamy pearl robe
  4577 | D:4      | Identified the +1 robe of Pragmatism {rF+ Dex+3 Slay-2}
                  | (You found it on level 4 of the Dungeon)
  4631 | D:4      | Reached skill level 7 in Axes
  5221 | D:4      | Found an ornate altar of the Wu Jian Council.
  5431 | D:4      | Reached skill level 5 in Armour
  5869 | D:5      | Entered Level 5 of the Dungeon
  5903 | D:5      | Found a stormy altar of Qazlal.
  5914 | D:5      | Found a transporter.
  5916 | D:5      | Found a transporter.
  5917 | D:5      | Noticed TheAraber's ghost (novice NaVM)
  5980 | D:5      | Reached XP level 8. HP: 41/71 MP: 5/8
  6228 | D:5      | HP: 2/71 [centaur/arrow (8)]
  6229 | D:5      | Shot with an arrow by a centaur

Skill      XL: |  1  2  3  4  5  6  7 |
---------------+----------------------+-----
Armour         | 1 2 3 4 5 |  5.2
Fighting       | 4 5 6 |  6.9
Axes           | 5 6 7 |  7.8
Dodging        | |  2.4
Stealth        | |  1.5

Action                   |  1- 3 |  4- 6 |  7- 9 || total
-------------------------+-------+-------+-------++-------
Melee: Hand axe          |   104 |   245 |     4 ||   353
       War axe           |       |       |    74 ||    74
 Fire: Blowgun           |       |     3 |     6 ||     9
Throw: Stone             |       |       |     6 ||     6
  Use: Scroll            |       |     1 |       ||     1
 Stab: Invisible         |     1 |       |       ||     1
       Sleeping          |     1 |     1 |     1 ||     3
  Eat: Chunk             |     1 |    11 |     6 ||    18
       Ration            |       |     4 |       ||     4
Armor: Ring mail         |    33 |    81 |     2 ||   116
       Robe              |     2 |       |       ||     2
       Scale mail        |       |       |    29 ||    29
Dodge: Dodged            |    67 |   131 |    43 ||   241
